 Dungeon Crawl Stone Soup version 0.27-a0-1136-g0b992a5a9d (webtiles) character file.

Game seed: 9338223141741121830

72 robertstho the Skirmisher (level 4, -1/37 HPs)
             Began as a Demonspawn Abyssal Knight on May 5, 2021.
             Was a Follower of Lugonu.
             Slain by a hobgoblin
             ... wielding a +0 dagger
             ... led by Robin
              (4 damage)
             ... on level 2 of the Dungeon.
             The game lasted 00:02:15 (1918 turns).

robertstho the Skirmisher (DsAK)                    Turns: 1918, Time: 00:02:16

Health: -1/37      AC:  9    Str: 11 (13) XL:     4   Next: 7%
Magic:  6/6        EV:  5    Int: 12 (13) God:    Lugonu [*.....]
Gold:   94         SH:  0    Dex: 16 (17) Spells: 3/3 levels left

rFire    + . .     SeeInvis .   a - +1 falchion
rCold    . . .     Faith    .   (no shield)
rNeg     . . .     Spirit   .   f - +1 chain mail
rPois    .         Reflect  .   (no helmet)
rElec    .         Harm     .   (no cloak)
rCorr    +         Rampage  .   (no gloves)
Will     .....                  (no boots)
Stlth    ..........             (no amulet)
HPRegen  0.12/turn              e - ring of resist corrosion
MPRegen  0.10/turn              b - ring of protection from fire

@: attractive, flying
A: talons 1, thin skeletal structure 2
a: Renounce Religion, Depart the Abyss


You were on level 2 of the Dungeon.
You worshipped Lugonu.
Lugonu was aware of your devotion.
You visited 1 branch of the dungeon, and saw 2 of its levels.
You visited the Abyss 1 time.

You collected 94 gold pieces.

Inventory:

Hand Weapons
 a - a +1 falchion (weapon)
Armour
 f - a +1 chain mail (worn)
Jewellery
 b - a ring of protection from fire (right hand)
 e - a ring of resist corrosion (left hand)
Scrolls
 c - a scroll of enchant armour
 d - 6 scrolls of identify
 h - 2 scrolls of teleportation


   Skills:
 * Level 4.1 Fighting
 + Level 2.0 Long Blades
 * Level 2.4 Armour
 + Level 1.0 Dodging
 + Level 0.1 Stealth
 * Level 2.8 Invocations


You had 3 spell levels left.
You didn't know any spells.
Your spell library contained the following spells:

 Spells                   Type           Power      Damage    Failure   Level
 Summon Small Mammal      Summ           0%         N/A       100%        1
 Call Imp                 Summ           0%         N/A       100%        2
 Call Canine Familiar     Summ           0%         N/A       100%        3
 Summon Guardian Golem    Hex/Summ       0%         N/A       100%        3
 Summon Ice Beast         Ice/Summ       0%         N/A       100%        4
 Summon Lightning Spire   Summ/Air       0%         N/A       100%        4


Dungeon Overview and Level Annotations

Branches:
Dungeon (2/15)

Altars:

Annotations:
D:2 Robin


Innate Abilities, Weirdness & Mutations

You have sharp toenails.
You have a moderately thin skeletal structure. (Dex +4, Stealth++)


Message History

The hobgoblin hits you with a +0 dagger! x2
You hit the hobgoblin. Your kick misses the hobgoblin.
The hobgoblin is almost dead.
The hobgoblin hits you with a +0 dagger.
* * * LOW HITPOINT WARNING * * *
You closely miss the hobgoblin.
You claw the hobgoblin, but do no damage.
The hobgoblin is almost dead.
Robin throws the goblin at you! The goblin hits you but does no damage.
The hobgoblin closely misses you.
It was a potion of curing.
You feel better. The goblin hits you with a +0 club.
The hobgoblin hits you but does no damage.
It was a potion of degeneration.
There was something very wrong with that liquid.
You feel weakened.
You feel dopey.
You feel clumsy. The goblin hits you with a +0 club.
The hobgoblin hits you but does no damage.
It was a potion of attraction.
You feel attractive to monsters. The goblin hits you but does no damage.
The hobgoblin hits you with a +0 dagger!
* * * LOW HITPOINT WARNING * * *
It was a potion of flight.
You feel very buoyant.
You fly up into the air.
The goblin hits you but does no damage.
The hobgoblin hits you with a +0 dagger.
* * * LOW HITPOINT WARNING * * *
As you read the scroll labelled ORIS LOAT FOJA, it crumbles to dust.
It is a scroll of enchant armour.
Your +0 chain mail glows green for a moment.
The goblin hits you with a +0 club.
* * * LOW HITPOINT WARNING * * *
The hobgoblin hits you with a +0 dagger.
* * * LOW HITPOINT WARNING * * *
As you read the scroll labelled KIDDIS VOMIUZ, it crumbles to dust.
It is a scroll of identify.
h - 2 scrolls of teleportation The goblin hits you but does no damage.
The hobgoblin hits you with a +0 dagger.
You die...

#.........+.......##.#..######.##
.........##.......##.............
.........'.......................
.........#######.#######.####....
....J....# #.# #)## .........#
#.# #..# .........# #.# ##.# #..#
.......g.# #g# #.###..#
.........#######@# #..##..##
........gg.g...#g# ##.##....
...........g...#g#########..#....
...........gg..'J................
#######...g....###.......##..#.##
#........##........'.......
#........##........###.#.##
#........##........# #...##
#........##........# ##....


You could see Robin, an endoplasm, a hobgoblin (strong) and a goblin (strong).

Vanquished Creatures
  2 adders (D:2)
  A worm (D:2)
  2 dart slugs
  3 ball pythons
  3 giant cockroaches
  8 goblins
  3 hobgoblins
  10 jackals (D:1)
  3 quokkas
  5 bats
  A kobold (D:2)
  A rat (D:1)
42 creatures vanquished.

Notes
Turn   | Place    | Note
-------+----------+-------------------------------------------
     0 | Abyss:1  | robertstho the Demonspawn Abyssal Knight began the quest
                  | for the Orb.
     0 | Abyss:1  | Reached XP level 1. HP: 18/18 MP: 2/2
    89 | Abyss:1  | Noticed an ice dragon simulacrum
    90 | D:1      | Escaped the Abyss
   383 | D:1      | Gained mutation: You have a somewhat thin skeletal
                  | structure. (Dex +2, Stealth+) [demonic ancestry]
   383 | D:1      | Reached XP level 2. HP: 24/24 MP: 3/3
   394 | D:1      | Found a faded altar of an unknown god.
   746 | D:1      | Reached * piety under Lugonu
   936 | D:1      | Reached skill level 1 in Dodging
  1261 | D:2      | Gained mutation: You have sharp toenails. [demonic
                  | ancestry]
  1261 | D:2      | Reached XP level 3. HP: 30/30 MP: 4/4
  1317 | D:2      | Reached skill level 4 in Fighting
  1700 | D:2      | Gained mutation: You have a moderately thin skeletal
                  | structure. (Dex +4, Stealth++) [demonic ancestry]
  1700 | D:2      | Reached XP level 4. HP: 37/37 MP: 6/6
  1885 | D:2      | Noticed Robin
  1918 | D:2      | Slain by a hobgoblin

Illustrated notes

Levels and vault maps discovered:
D:1:      dpeg_arrival_tiny_a, layout_loops_cross, ebering_ecumenical_altar_webs
D:2:      layout_basic, uniq_robin

Skill      XL: |  1  2  3 |
---------------+----------+-----
Armour         | 2 |  2.4
Dodging        | 1 |  1.0
Long Blades    | 2 |  2.0
Fighting       | 4 |  4.1
Stealth        | |  0.1
Invocations    | |  2.8

Action                   |  1- 3 |  4- 6 || total
-------------------------+-------+-------++-------
Melee: Falchion          |   111 |    11 ||   122
       Kick              |     9 |     4 ||    13
Invok: Depart the Abyss  |     1 |       ||     1
  Use: Potion            |       |     4 ||     4
       Scroll            |       |     2 ||     2
Armor: Leather armour    |    14 |       ||    14
       Chain mail        |    51 |    11 ||    62
Dodge: Dodged            |    47 |     2 ||    49
       Rpst.: Falchion   |    16 |     1 ||    17

Table legend: (Time is in decaauts)
 A = Elapsed time spent in this place.
 B = Non-inter-level travel time spent in this place.
 C = Inter-level travel time spent in this place.
 D = Time resting spent in this place.
 E = Time spent auto-exploring this place.
 F = Levels seen in this place.
 G = Mean time per level.
                   A        B        C        D        E       F      G
               +--------+--------+--------+--------+--------+-----+--------+
         Total |   1941 |   1904 |     37 |      0 |   1607 |   3 |  647.0 |
       Dungeon |   1851 |   1814 |     37 |      0 |   1519 |   2 |  925.5 |
         Abyss |     90 |     90 |      0 |      0 |     88 |   1 |   90.0 |
               +--------+--------+--------+--------+--------+-----+--------+

Top non-repeatable levels by time:
     D:1: 1179 daAuts
     D:2: 671 daAuts
 Abyss:1: 90 daAuts
